 Dungeon Crawl Stone Soup version 0.13-a0-1536-gedae9ec (webtiles) character file.

260 Kae the Chiller (level 4, 0/24 HPs)
             Began as a Deep Elf Ice Elementalist on June 9, 2013.
             Killed from afar by Crazy Yiuf (10 damage)
             ... with a wand of frost
             ... on Level 3 of the Dungeon.
             The game lasted 00:04:28 (2159 turns).

Kae the Chiller (Deep Elf Ice Elementalist)         Turns: 2159, Time: 00:04:28

HP   0/24        AC  2     Str  6      XL: 4   Next: 64%
MP   1/13        EV 13     Int 20      God:
Gold 148         SH  0     Dex 15      Spells:  3 memorised,  4 levels left

Res.Fire  : . . .   See Invis. : .   h - +2 falchion (vamp)
Res.Cold  : . . .   Warding    : +   a - +0 elf robe
Life Prot.: + . .   Conserve   : .   (no shield)
Res.Poison: .       Res.Corr.  : .   (no helmet)
Res.Elec. : .       Clarity    : .   (no cloak)
Sust.Abil.: . .     Spirit.Shd : .   (no gloves)
Res.Mut.  : .       Stasis     : .   (no boots)
Res.Rott. : .       Flight     : .   m - amulet of warding
Saprovore : . . .                    (no ring)
                                     e - ring of flight

@: slightly resistant to hostile enchantments, fairly stealthy
A: no striking features
a: Evoke Flight


You were on level 3 of the Dungeon.
You were not hungry.

You visited 1 branch of the dungeon, and saw 3 of its levels.

You collected 128 gold pieces.

Inventory:

Hand weapons
 h - a +2,+2 vampiric falchion (weapon)
Armour
 a - a +0 elven robe (worn)
Comestibles
 c - 2 bread rations
 i - 4 rotting chunks of orc flesh
Scrolls
 f - a scroll of enchant armour {unknown}
 j - 6 scrolls of remove curse {unknown}
 l - a scroll of teleportation
 o - a scroll of identify
Jewellery
 e - a ring of flight (left hand)
 m - an amulet of warding (around neck)
Potions
 g - a potion of curing {unknown}
 k - a potion of poison {unknown}
 n - a potion of mutation {unknown}
 p - a potion of invisibility {unknown}
Books
 b - a book of Frost

   Spells                             Type                      Level
   *Freeze                            Ice                          1
   *Throw Frost                       Conjuration/Ice              2
   *Ozocubu's Armour                  Charms/Ice                   3
   Throw Icicle                       Conjuration/Ice              4
   Summon Ice Beast                   Ice/Summoning                4
   Condensation Shield                Ice                          4
 d - a book of the Tempests

   Spells                             Type                      Level
   Static Discharge                   Conjuration/Air              3
   Lightning Bolt                     Conjuration/Air              5
   Fireball                           Conjuration/Fire             5
   Tornado                            Air                          9
   Shatter                            Earth                        9


   Skills:
 - Level 2.4 Dodging
 - Level 2.4 Stealth
 + Level 3.9 Spellcasting
 * Level 1.9 Conjurations
 + Level 4.8 Ice Magic


You had 4 spell levels left.
You knew the following spells:

 Your Spells              Type           Power        Failure   Level  Hunger
a - Freeze                Ice            ###.         1%          1    None
b - Throw Frost           Conj/Ice       ###...       6%          2    #......
c - Ozocubu's Armour      Chrm/Ice       ##........   17%         3    ###....


Dungeon Overview and Level Annotations

Branches:
Dungeon (3/27)

Altars:
Kikubaaqudgha

Annotations
D:3 Crazy Yiuf


Message History

Confirm with . or Enter, or press ? or * to list all spells.
Aiming: Throw Frost
Press: ? - help, Shift-Dir - straight line, f/p - Crazy Yiuf
Aim: Crazy Yiuf, wielding a quarterstaff of chaos, wearing an embroidered cloak and carrying a wand of frost {zapped: 2} (heavily wounded)
The puff of frost hits Crazy Yiuf.
Crazy Yiuf is heavily wounded.
Casting: Throw Frost
Confirm with . or Enter, or press ? or * to list all spells.
Aiming: Throw Frost
Press: ? - help, Shift-Dir - straight line, f/p - Crazy Yiuf
Aim: Crazy Yiuf, wielding a quarterstaff of chaos, wearing an embroidered cloak and carrying a wand of frost {zapped: 2} (heavily wounded)
The puff of frost misses Crazy Yiuf.
Casting: Throw Frost
Confirm with . or Enter, or press ? or * to list all spells.
Aiming: Throw Frost
Press: ? - help, Shift-Dir - straight line, f/p - Crazy Yiuf
Aim: Crazy Yiuf, wielding a quarterstaff of chaos, wearing an embroidered cloak and carrying a wand of frost {zapped: 2} (heavily wounded)
You miscast Throw Frost.
Nothing appears to happen.
Crazy Yiuf zaps a wand.
The puff of frost hits you!
You die...

..........'......'........#
.......<..###..###........#
..).......# #...##........#
.........## #....######'###
########## ##....## #..#
♣♣....♣♣ #^## ♣♣♣...♣♣ #.
♣♣♣♣.♣♣♣ #. ♣♣♣♣@♣♣ #+
♣♣.♣♣♣ ♣♣g♣♣♣ ♣.♣♣♣ #.##♣
.. #.. #). ###


You could see Crazy Yiuf.

Vanquished Creatures
  2 adders (D:2)
  A worm (D:3)
  5 giant geckos
  4 orcs (D:3)
  2 ball pythons
  11 bats
  5 giant cockroaches
  5 goblins
  10 hobgoblins
  5 jackals
  9 kobolds
  2 quokkas (D:2)
  7 giant newts
  7 rats
75 creatures vanquished.

Vanquished Creatures (others)
  A human (D:2)
1 creature vanquished.

Grand Total: 76 creatures vanquished

Notes
Turn   | Place    | Note
--------------------------------------------------------------
     0 | D:1      | Kae, the Deep Elf Ice Elementalist, began the quest for the Orb.
     0 | D:1      | Reached XP level 1. HP: 10/10 MP: 4/4
   164 | D:1      | Reached XP level 2. HP: 15/15 MP: 7/7
   649 | D:2      | Reached XP level 3. HP: 16/19 MP: 1/10
   745 | D:2      | Reached skill level 4 in Ice Magic
  1125 | D:2      | Reached XP level 4. HP: 21/24 MP: 7/13
  1385 | D:2      | Found an ancient bone altar of Kikubaaqudgha.
  1388 | D:2      | Noticed a human
  1393 | D:2      | Killed a human
  1749 | D:3      | Learned a level 2 spell: Throw Frost
  1753 | D:3      | Learned a level 3 spell: Ozocubu's Armour
  2150 | D:3      | Noticed Crazy Yiuf
  2159 | D:3      | Killed from afar by Crazy Yiuf

Action                   |  1- 3 |  4- 6 || total
-------------------------+-------+-------++-------
Melee: Unarmed           |    21 |    16 ||    37
       Falchion          |       |     7 ||     7
 Cast: Freeze            |    67 |    36 ||   103
       Throw Frost       |       |     6 ||     6
  Use: Scroll            |       |     6 ||     6
 Stab: Sleeping          |     1 |     3 ||     4
